[Event "Team 45 45 League T59"]
[Site "Internet Chess Club"]
[Date "2013.12.09"]
[Round "3"]
[White "tsia68"]
[Black "Zugzwanged"]
[Result "1-0"]
[WhiteElo "1787"]
[BlackElo "1746"]
[Opening "Réti opening"]
[ECO "A05"]
[Time "15:02:37"]
[TimeControl "2700+45"]

1. Nf3 Nf6 2. g3 e6 3. Bg2 d5 4. O-O Bd6 5. d3 O-O 6. Nbd2 Nc6 7. e4 dxe4 8.
dxe4 Re8 9. Re1 e5 10. h3 h6 11. c3 Be6 12. Qe2 Qd7 13. Kh2 Rad8 14. Nc4 Kh7 15.
Nxd6 Qxd6 16. Nh4 Ne7 17. Qf3 Qd3 18. Be3 Qb5 19. b3 Rd6 20. c4 Qc6 21. Qe2 Red8
22. Nf5 R6d7 23. Nxe7 Rxe7 24. f3 Red7 25. Red1 Qa6 26. Rxd7 Rxd7 27. Bf1 b6 28.
Qb2 Qa5 29. c5 Qb4 30. Qxe5 bxc5 31. Qxc5 Qxc5 32. Bxc5 c6 33. Be3 Ne8 34. Be2
Rb7 35. Rc1 Rc7 36. Bf4 Rc8 37. Ba6 Rd8 38. Rxc6 g5 39. Be3 Rd1 40. Rc1 Rd6 41.
Bf1 a6 42. Kg2 Bd7 43. Bc4 Kg7 44. Rc2 Nc7 45. Rd2 Rxd2+ 46. Bxd2 Kf6 47. Ba5
Nb5 48. a4 Nd4 49. Bc3 Ke5 50. Kf2 f5 51. exf5 Bxf5 52. Ke3 Bxh3 53. Bxd4+ Kd6
54. Bxa6 h5 55. Bf6 g4 56. fxg4 Bxg4 57. Be2 Be6 58. b4 Bf7 59. Kd4 Kc6 60. Bf3+
Kb6 61. Bd8+ Ka6 62. Kc5 Be8 63. Bc6 Bg6 64. Bb6 {Black resigns} 1-0

[Event "Team 45 45 League T59"]
[Site "Internet Chess Club"]
[Date "2013.12.06"]
[Round "3"]
[White "SidVicious"]
[Black "Duguesclin"]
[Result "0-1"]
[WhiteElo "1741"]
[BlackElo "1625"]
[Opening "English opening"]
[ECO "A20"]
[Time "15:00:19"]
[TimeControl "2700+45"]

1. c4 e5 2. g3 f5 3. Bg2 Nf6 4. Nc3 Bb4 5. e3 O-O 6. Nge2 c6 7. Qb3 Ba5 8. O-O
Kh8 9. d3 Na6 10. a3 Nc5 11. Qc2 Ne6 12. b4 Bc7 13. Qb3 a5 14. Rb1 Qe7 15. f4
axb4 16. axb4 d6 17. h3 exf4 18. gxf4 Bd7 19. b5 Nc5 20. Qc2 cxb5 21. Nxb5 Bxb5
22. Rxb5 Ra7 23. Ng3 Qd7 24. Re1 Rfa8 25. Bb2 Bd8 26. Bxf6 Bxf6 27. d4 Ra2 28.
Qxf5 Qxf5 29. Nxf5 Nd3 30. Rd1 Nb2 31. Nxd6 Nxd1 32. Rxb7 Nxe3 33. Be4 Bxd4 34.
Nb5 Rb2 35. Rd7 Ra1+ {White resigns} 0-1